 Dungeon Crawl Stone Soup version 0.31-a0-626-g8143ab4f1d (webtiles) character file.

Game seed: 3409087477355321813

2716 BigDaddyOpFi the Changeling (level 9, -14/87 HPs)
             Began as a Troll Shapeshifter on Aug 24, 2023.
             Was an Initiate of Wu Jian.
             Demolished by a two-headed ogre
             ... wielding a +0 giant spiked club
              (24 damage)
             ... on level 7 of the Dungeon.
             The game lasted 00:08:31 (5884 turns).

BigDaddyOpFi the Changeling (Troll Shapeshifter)    Turns: 5884, Time: 00:08:32

Health: -14/87     AC:  9    Str: 29    XL:     9   Next: 39%
Magic:  8/8        EV: 11    Int: 10    God:    Wu Jian [......]
Gold:   381        SH:  0    Dex: 10    Spells: 8/8 levels left

rFire   . .          .
                       - Unarmed
rCold   . . .        (shield currently unavailable)
rNeg    + . .        j - +0 steam dragon scales
rPois   .            (helmet restricted)
rElec   .            l - +1 cloak
rCorr   .            (gloves unavailable)
SInv    .            (boots unavailable)
Will    .....        m - amulet of the acrobat
Stlth   +            g - ring of positive energy
HPRegen 1.14/turn    f - +6 ring of intelligence
MPRegen 0.11/turn

%: acrobat
@: flux-form, glowing, invisible (but backlit and visible)
A: glow, contaminating, large, unfitting armour, claws 3, regeneration 1, shaggy
fur 1, tough skin 1
a: Begin Untransformation, Renounce Religion


You were on level 7 of the Dungeon.
You worshipped Wu Jian.
Wu Jian was noncommittal.
You were something dangerously unstable.
You visited 2 branches of the dungeon, and saw 8 of its levels.

You collected 381 gold pieces.

Inventory:

Armour
 a - a +0 animal skin
 j - +0 steam dragon scales (worn)
 l - a +1 cloak (worn)
Jewellery
 b - a ring of protection from fire
 f - a +6 ring of intelligence (right claw)
 g - a ring of positive energy (left claw)
 m - an amulet of the acrobat (around neck)
 o - an amulet of magic regeneration
 w - a ring of magical power
Talismans
 c - a beast talisman
 d - a flux talisman (active)
 i - a flux talisman (active)
Scrolls
 e - a scroll of vulnerability
 p - 4 scrolls of teleportation
 s - a scroll of poison
 t - a scroll of amnesia
 u - 2 scrolls of immolation
 v - a scroll of blinking {unknown}
 x - a scroll of identify
Potions
 k - a potion of brilliance
 n - a potion of might
 q - a potion of mutation {unknown}


   Skills:
 + Level 4.9 Fighting
 + Level 5.1 Dodging
 + Level 6.6 Unarmed Combat
 * Level 7.8 Shapeshifting


You had 8 spell levels left.
You didn't know any spells.
Your spell library contained the following spells:

 Spells                   Type           Power      Damage    Failure   Level
 Necrotise                Necr           0%         1d4       36%         1
 Lesser Beckoning         Tloc           0%         N/A       50%         2
 Dazzling Flash           Conj/Hex       0%         N/A       75%         3
 Gell's Gravitas          Tloc           0%         N/A       75%         3
 Ignite Poison            Fire/Tmut/Pois 0%         N/A       75%         3
 Inner Flame              Hex/Fire       0%         N/A       75%         3
 Teleport Other           Tloc           0%         N/A       75%         3
 Vampiric Draining        Necr           0%         2d6       75%         3
 Volatile Blastmotes      Fire/Tloc      0%         2d10      75%         3
 Flame Wave               Conj/Fire      0%         2d4       98%         4
 Sticky Flame             Conj/Fire      0%         2d3       98%         4
 Agony                    Necr           0%         N/A       100%        5
 Starburst                Conj/Fire      0%         6d3       100%        6
 Ignition                 Fire           0%         3d3       100%        8
 Maxwell's Capacitive Co  Air            0%         ∞         100%        8


Dungeon Overview and Level Annotations

Branches:
Dungeon (7/15)             Temple (1/1) D:6

Altars:
Ashenzari
Cheibriados
Dithmenos
Elyvilon
Fedhas
Hepliaklqana
Kikubaaqudgha
Makhleb
Nemelex Xobeh
Okawaru
Qazlal
Ru
Trog
Uskayaw
Wu Jian
Xom
Yredelemnul
Zin
The Shining One

Shops:
D:1 ?   D:4 [


Innate Abilities, Weirdness & Mutations

You are something dangerously unstable.
You glow with magical radiation, making you easy to see and hit.
Foes you strike become dangerously contaminated with magical radiation.
You are incapable of wielding weapons or throwing items.
You are too large for most types of armour.
You have claws for hands.
Your natural rate of healing is unusually fast.
You are covered in fur. (AC +1)
You have tough skin. (AC +1)


Message History

Okay, then.
You become transparent, but the glow from your form prevents you from becoming completely invisible.
You scratch the wyvern but do no damage.
The wyvern begins to glow.
The wyvern barely misses you.
You claw the wyvern!
The wyvern glows dangerously bright.
The wyvern is heavily wounded.
The wyvern closely misses you. The wyvern misses you.
You claw the wyvern!
The wyvern shudders as magic cascades through it!!
You kill the wyvern!
The Council accepts your kill.
The two-headed ogre hits you with a +0 giant spiked club!!
The two-headed ogre hits you with a +0 giant club.
You barely miss the two-headed ogre. You barely miss the two-headed ogre.
The two-headed ogre barely misses you. The two-headed ogre closely misses you.
You scratch the two-headed ogre.
The two-headed ogre begins to glow.
The two-headed ogre is lightly wounded.
The two-headed ogre hits you with a +0 giant spiked club!!
The two-headed ogre hits you with a +0 giant club!
You claw the two-headed ogre!
The two-headed ogre glows dangerously bright.
The two-headed ogre is moderately wounded.
You claw the two-headed ogre!
The two-headed ogre shudders as magic cascades through it.
The two-headed ogre twists and deforms.
The two-headed ogre is heavily wounded.
The two-headed ogre hits you with a +0 giant spiked club!!
* * * LOW HITPOINT WARNING * * *
The two-headed ogre closely misses you.
You feel better. The two-headed ogre closely misses you.
The two-headed ogre hits you with a +0 giant club!
* * * LOW HITPOINT WARNING * * *
You claw the two-headed ogre!
The two-headed ogre begins to glow.
The two-headed ogre is severely wounded.
You claw the two-headed ogre!
The two-headed ogre glows dangerously bright.
The two-headed ogre is almost dead.
The two-headed ogre hits you with a +0 giant spiked club!!
You die...

#................
#.........##.....
#.........##...##
#..........+...+
####+###........###...##
.......#........###.....
..................#....#
......O...........#....#
......†B..........#....#
.......#####......#....#
....... #).....#....#
....... #.......##...
....[.. #.......# ...
....... #######.# ...
....... #.# ... .......
#.# .. #.. .


You could see a two-headed ogre (heavy contam, misshapen).

Vanquished Creatures
  Joseph (D:7)
  Prince Ribbit (D:6)
  A wyvern (D:7)
  A steam dragon (D:6)
  Menkaure (D:5)
  A water moccasin (D:5)
  A sky beast (D:6)
  A black bear (D:4)
  2 ogres
  2 centaurs
  A phantom (D:4)
  2 bullfrogs
  A gnoll sergeant (D:5)
  2 scorpions (D:5)
  3 wights (D:6)
  2 hounds (D:4)
  3 jellies (D:5)
  A gnoll bouda (D:5)
  Jessica (D:3)
  An iguana (D:4)
  Natasha (twice) (D:2)
  An orc wizard (D:5)
  20 gnolls
  5 adders
  2 shadow imps
  A worm (D:4)
  A dart slug (D:2)
  12 orcs
  5 endoplasms
  A giant cockroach (D:4)
  14 goblins
  6 hobgoblins
  9 jackals
  A quokka (D:5)
  9 ball pythons
  8 bats
  3 frilled lizards
  6 kobolds
  2 rats
137 creatures vanquished.

Notes
Turn   | Place    | Note
-------+----------+-------------------------------------------
     0 | D:1      | BigDaddyOpFi the Troll Shapeshifter began the quest for the
                  | Orb.
     0 | D:1      | Reached XP level 1. HP: 18/18 MP: 0/0
   172 | D:1      | Found Vougg's Magic Scroll Emporium.
   418 | D:1      | Found a faded altar of an unknown god.
   426 | D:1      | Reached skill level 1 in Fighting
   664 | D:2      | Reached XP level 2. HP: 16/27 MP: 1/1
   784 | D:2      | Noticed Natasha
   791 | D:2      | Killed Natasha
   792 | D:2      | Reached XP level 3. HP: 14/33 MP: 2/2
  1282 | D:2      | Noticed Natasha
  1288 | D:2      | Killed Natasha
  1289 | D:2      | Reached XP level 4. HP: 23/42 MP: 3/3
  2016 | D:3      | Reached XP level 5. HP: 32/49 MP: 4/4
  2151 | D:3      | Noticed Jessica
  2160 | D:3      | Killed Jessica
  2394 | D:3      | Found a broken altar of Ashenzari.
  2668 | D:4      | Found Wisooll's Antique Armour Boutique.
  2692 | D:4      | Reached skill level 4 in Shapeshifting
  2710 | D:4      | Noticed a phantom
  2720 | D:4      | Killed a phantom
  2721 | D:4      | Reached XP level 6. HP: 59/59 MP: 5/5
  2920 | D:4      | Found a shimmering altar of Xom.
  3161 | D:4      | Reached XP level 7. HP: 51/66 MP: 6/6
  3272 | D:4      | Reached skill level 5 in Shapeshifting
  3606 | D:5      | Entered Level 5 of the Dungeon
  3615 | D:5      | Reached skill level 5 in Unarmed Combat
  3836 | D:5      | Reached XP level 8. HP: 41/76 MP: 7/7
  3848 | D:5      | Reached skill level 6 in Shapeshifting
  3856 | D:5      | HP: 2/70 [gnoll/+0 halberd[a gnoll sergeant] (12)]
  4283 | D:5      | Noticed Menkaure
  4288 | D:5      | Killed Menkaure
  4690 | D:6      | Noticed Prince Ribbit
  4711 | D:6      | Killed Prince Ribbit
  4945 | D:6      | Reached skill level 7 in Shapeshifting
  4948 | D:6      | Found a staircase to the Ecumenical Temple.
  4963 | Temple   | Entered the Ecumenical Temple
  4977 | Temple   | Became a worshipper of the Wu Jian Council
  5251 | D:6      | Reached XP level 9. HP: 77/85 MP: 8/8
  5664 | D:7      | Noticed Joseph
  5673 | D:7      | Killed Joseph
  5674 | D:7      | Reached skill level 5 in Dodging
  5870 | D:7      | Noticed a two-headed ogre
  5884 | D:7      | Demolished by a two-headed ogre

Illustrated notes

Levels and vault maps discovered:
D:1:      reono_arrival_mine, layout_loops_ring,
          hellmonk_ecumenical_altar_lost_god, serial_shops, shop,
          nicolae_twisty_statue_hallways
D:2:      layout_basic, minmay_misc_feat_tiny, uniq_natasha
D:3:      layout_loops_ring, general_overflow_altar, nicolae_half_adder,
          uniq_jessica
D:4:      nicolae_BIG_FREAKIN_CUBE, layout_basic, mainiacjoe_overflow_boulevard,
          serial_shops, shop, minmay_goblin_outpost
D:5:      layout_loops_ring, uniq_menkaure
D:6:      layout_basic, minmay_temple_entry_glass, uniq_prince_ribbit1
D:7:      layout_basic, uniq_joseph
Temple:   nicolae_temple_bog_church

Skill      XL: |  1  2  3  4  5  6  7  8  9 |
---------------+----------------------------+-----
Fighting       | 1 2 3 4 |  4.9
Dodging        | 2 3 4 5 |  5.1
Unarmed Combat | 4 5 6 |  6.6
Shapeshifting  | 4 5 7 |  7.8

Action                     |  1- 3 |  4- 6 |  7- 9 || total
---------------------------+-------+-------+-------++-------
  Melee: Unarmed           |    79 |   152 |   218 ||   449
Ability: Lunge             |       |       |     5 ||     5
    Use: Potion            |     1 |     4 |     5 ||    10
         Scroll            |       |     3 |     7 ||    10
 Armour: Animal skin       |    37 |    48 |    39 ||   124
         Skin              |       |     4 |       ||     4
         Steam dragon scal |       |       |    17 ||    17
  Dodge: Dodged            |    33 |   107 |   134 ||   274
   Form: Flux              |     1 |       |       ||     1

Table legend: (Time is in decaauts)
 A = Elapsed time spent in this place.
 B = Non-inter-level travel time spent in this place.
 C = Inter-level travel time spent in this place.
 D = Time resting spent in this place.
 E = Time spent auto-exploring this place.
 F = Levels seen in this place.
 G = Mean time per level.
                   A        B        C        D        E       F      G
               +--------+--------+--------+--------+--------+-----+--------+
         Total |   5822 |   5681 |    141 |    597 |   4037 |   8 |  727.8 |
       Dungeon |   5797 |   5656 |    141 |    597 |   4037 |   7 |  828.1 |
        Temple |     24 |     24 |      0 |      0 |      0 |   1 |   24.0 |
               +--------+--------+--------+--------+--------+-----+--------+

Top non-repeatable levels by time:
     D:2: 1115 daAuts
     D:6: 1033 daAuts
     D:5: 973 daAuts
     D:4: 947 daAuts
     D:3: 845 daAuts
     D:1: 657 daAuts
     D:7: 224 daAuts
  Temple: 24 daAuts
